 Dungeon Crawl Stone Soup version 0.21.0-3-g78d12a8 (webtiles) character file.

1003 inmateoo the Cutter (level 8, -6/61 HPs)
             Began as a Demonspawn Assassin on Jan 9, 2018.
             Was an Initiate of Fedhas.
             Killed from afar by a steam dragon (16 damage)
             ... with a ball of steam
             ... on level 5 of the Dungeon.
             The game lasted 00:05:27 (4485 turns).

inmateoo the Cutter (Demonspawn Assassin)           Turns: 4485, Time: 00:05:28

Health: -6/61      AC:  8    Str: 14    XL:     8   Next: 0%
Magic:  8/8        EV: 14    Int: 12    God:    Fedhas [......]
Gold:   209        SH:  0    Dex: 15    Spells: 7/7 levels left

rFire    . . .     SeeInvis .   a - +3 dagger
rCold    . . .     Gourm    .   (no shield)
rNeg     . . .     Faith    .   c - +0 robe
rPois    .         Spirit   .   (helmet unavailable)
rElec    .         Reflect  .   d - +0 cloak
rCorr    .         Harm     .   (no gloves)
MR       .....                  i - +1 pair of boots
Stlth    +++.......             (no amulet)
HPRegen  0.20/turn              (no ring)
MPRegen  0.11/turn              (no ring)

@: hasted, very quick
A: horns 3, icy blue scales 2, spiny 1
a: Fungal Bloom, Renounce Religion


You were on level 5 of the Dungeon.
You worshipped Fedhas.
Fedhas was noncommittal.
You were hungry.

You visited 2 branches of the dungeon, and saw 6 of its levels.

You collected 209 gold pieces.

Inventory:

Hand Weapons
 a - a +3 dagger (weapon)
 b - a +0 blowgun
Missiles
 f - 8 curare-tipped needles
 r - 14 poisoned needles
Armour
 c - a +0 robe (worn)
 d - a +0 cloak (worn)
 i - a +1 pair of boots (worn)
Wands
 p - a wand of iceblast (5)
 s - a wand of polymorph (16)
 t - a wand of acid (8)
Scrolls
 e - 2 scrolls of teleportation
 q - 3 scrolls of remove curse
Potions
 h - 2 potions of ambrosia {unknown}
 j - 3 potions of degeneration {unknown}
 k - 2 potions of invisibility {unknown}
 l - a potion of haste
 m - a potion of flight
 o - a potion of brilliance
Comestibles
 g - 8 rations


   Skills:
 + Level 4.4 Fighting
 * Level 5.5 Short Blades
 - Level 1.7 Throwing
 + Level 3.7 Dodging
 + Level 5.5 Stealth


You had 7 spell levels left.
You didn't know any spells.

Dungeon Overview and Level Annotations

Branches:
Dungeon (5/15)             Temple (1/1) D:4

Altars:
Ashenzari
Cheibriados
Dithmenos
Elyvilon
Fedhas
Gozag
Hepliaklqana
Kikubaaqudgha
Makhleb
Nemelex Xobeh
Okawaru
Qazlal
Sif Muna
Trog
Uskayaw
Vehumet
Wu Jian
Xom
Yredelemnul
The Shining One


Innate Abilities, Weirdness & Mutations

You have a pair of large horns on your head.
You are mostly covered in icy blue scales. (AC +3)
You are partially covered in sharp spines.


Message History

You are engulfed in a cloud of scalding steam.
The fungus is engulfed in a cloud of scalding steam.
The steam dragon is struck by your spines.
The steam dragon bites you but does no damage.
The steam dragon closely misses you. The steam dragon bites you!
* * * LOW HITPOINT WARNING * * *
The steam dragon barely misses you.
Unknown command.
You hit the steam dragon but do no damage.
The steam dragon is almost dead.
You are engulfed in a cloud of scalding steam.
* * * LOW HITPOINT WARNING * * *
The fungus is engulfed in a cloud of scalding steam. x3
The steam dragon bites you.
* * * LOW HITPOINT WARNING * * *
The steam dragon claws you but does no damage.
The steam dragon breathes steam at you. The ball of steam hits you!
You die...
Fedhas appreciates your contribution to the ecosystem.

##############...#........
..........#........
.....####.....##### ####
#†#....... #####
###.....####
##≈≈≈###.#####..#
##≈P.PP#... ..######
#≈P.D§P≈#########≈...P
#...D@§§≈.≈.≈P≈P≈.....
#.....§§.........≈....
##≈...P≈P≈P^.P#######≈
#PPP≈P.####### ## ###P.###
####


You could see 2 steam dragons.

Vanquished Creatures
  An orc warrior (D:3)
  An ice beast (D:5)
  A phantom (D:4)
  2 ogres (D:4)
  3 scorpions
  A howler monkey (D:5)
  An orc priest (D:3)
  A bullfrog skeleton (D:4)
  3 hounds
  2 iguanas
  An orc wizard (D:4)
  A worker ant (D:5)
  6 adders
  An ooze (D:2)
  An adder skeleton (D:4)
  3 worms
  A leopard gecko (D:3)
  10 orcs
  4 giant cockroaches
  5 goblins
  5 hobgoblins
  3 jackals (D:5)
  3 bats
  A frilled lizard (D:2)
  11 kobolds
  3 rats
75 creatures vanquished.

Notes
Turn   | Place    | Note
-------+----------+-------------------------------------------
     0 | D:1      | inmateoo the Demonspawn Assassin began the quest for the Orb.
     0 | D:1      | Reached XP level 1. HP: 16/16 MP: 1/1
    29 | D:1      | Reached skill level 1 in Dodging
   261 | D:1      | Gained mutation: You are partially covered in icy blue scales. (AC +2) [demonic ancestry]
   261 | D:1      | Reached XP level 2. HP: 17/22 MP: 2/2
  1051 | D:2      | Gained mutation: You have a pair of small horns on your head. [demonic ancestry]
  1051 | D:2      | Reached XP level 3. HP: 19/28 MP: 3/3
  2087 | D:3      | Noticed an orc warrior
  2204 | D:4      | Noticed a scorpion
  2226 | D:4      | Killed a scorpion
  2226 | D:4      | Gained mutation: You are mostly covered in icy blue scales. (AC +3) [demonic ancestry]
  2226 | D:4      | Reached XP level 4. HP: 34/34 MP: 4/4
  2264 | D:4      | Gained mutation: You have a pair of horns on your head. [demonic ancestry]
  2264 | D:4      | Reached XP level 5. HP: 34/40 MP: 5/5
  2420 | D:4      | Noticed an ogre
  2423 | D:4      | Killed an ogre
  2447 | D:4      | Reached XP level 6. HP: 40/47 MP: 6/6
  2758 | D:4      | Found a staircase to the Ecumenical Temple.
  2779 | Temple   | Entered the Ecumenical Temple
  2812 | Temple   | Became a worshipper of Fedhas Madash
  3440 | D:5      | Entered Level 5 of the Dungeon
  3491 | D:3      | Gained mutation: You are partially covered in sharp spines. [demonic ancestry]
  3491 | D:3      | Reached XP level 7. HP: 48/53 MP: 7/7
  3497 | D:3      | Reached skill level 5 in Stealth
  4009 | D:4      | Reached skill level 5 in Short Blades
  4393 | D:5      | Gained mutation: You have a pair of large horns on your head. [demonic ancestry]
  4393 | D:5      | Reached XP level 8. HP: 53/61 MP: 8/8
  4485 | D:5      | Killed from afar by a steam dragon

Skill      XL: |  1  2  3  4  5  6  7 |
---------------+----------------------+-----
Dodging        | 1 2 3 |  3.7
Short Blades   | 2 3 4 5 |  5.5
Stealth        | 4 5 |  5.5
Fighting       | 3 4 |  4.4
Throwing       | |  1.7

Action                   |  1- 3 |  4- 6 |  7- 9 || total
-------------------------+-------+-------+-------++-------
Melee: Dagger            |   111 |    95 |    64 ||   270
       Headbutt          |     5 |    19 |     9 ||    33
 Fire: Blowgun           |     5 |    27 |    14 ||    46
  Use: Scroll            |     3 |     1 |     5 ||     9
       Potion            |       |     2 |     2 ||     4
 Stab: Sleeping          |    12 |     3 |     6 ||    21
  Eat: Chunk             |     3 |     2 |     2 ||     7
       Ration            |       |     1 |       ||     1
Armor: Robe              |    24 |    28 |    17 ||    69
Dodge: Dodged            |    57 |    69 |    31 ||   157
